AoeStats
← anzunza2014

MegaRandom

506810230Analyzed
2v2 RM · 16d ago on Sep 15, 2026· 40m 5s· 4 players
Game mode
Random Map
Map size
Medium (4 player)
Population
200
Speed
Normal
Resources
Standard
Victory
Conquest
Starting age
Dark Age
Ending age
Imperial Age
RankedLock teamsTeams togetherTeam positionsShared explorationLock speedFull tech treeHidden civsTurbo modeCheats
Victory
Defeat
🇺🇸 Huns · United States
893
+19
🇸🇪 Vietnamese · Sweden
888
+20
🇩🇰 Romans · Denmark
986
-20
🇮🇳 Cumans · India
953
-19
F1r3duck
12:17 Feudal Age
10:33 Loom
13:07 Double-Bit Axe
13:15 Man-at-Arms
15:37 Scale Mail Armor
15:48 Forging
19:59 Castle Age
20:01 Bloodlines
24:53 Scale Barding Armor
29:03 Murder Holes
33:47 Chain Barding Armor
35:47 Iron Casting
35:18 Pikeman
37:12 Squires
38:26 Husbandry
devil
1:07 Loom
11:26 Feudal Age
18:49 Castle Age
17:25 Double-Bit Axe
18:22 Man-at-Arms
20:11 Wheelbarrow
19:19 Capped Ram
22:00 Long Swordsman
25:17 Bloodlines
25:46 Town Watch
26:50 Forging
26:41 Padded Archer Armor
27:05 Pikeman
31:04 Gold Mining
31:18 Town Patrol
31:53 Wheelbarrow
32:29 Fletching
32:54 Leather Archer Armor
33:54 Wheelbarrow
38:16 Imperial Age
37:00 Stone Mining
anzunza2014
3:59 Loom
12:16 Feudal Age
12:46 Double-Bit Axe
18:32 Castle Age
17:23 Fletching
17:49 Padded Archer Armor
17:42 Horse Collar
20:55 Bodkin Arrow
21:15 Leather Archer Armor
21:12 Bloodlines
21:29 Husbandry
23:01 Wheelbarrow
22:28 Gold Mining
22:49 Light Cavalry
25:56 Heavy Plow
26:07 Bow Saw
29:03 Forging
29:00 Scale Barding Armor
30:43 Iron Casting
30:34 Murder Holes
31:00 Ballistics
31:35 Masonry
35:21 Imperial Age
34:34 Scale Mail Armor
34:18 Pikeman
34:59 Squires
36:26 Conscription
40:06 Chain Mail Armor
aoesweden
7:30 Loom
12:04 Feudal Age
12:49 Double-Bit Axe
12:58 Gold Mining
13:13 Fishing Lines
16:24 Horse Collar
17:34 Fletching
20:15 Castle Age
18:52 Padded Archer Armor
21:33 Crossbowman
22:20 Thumb Ring
22:59 Pikeman
24:18 Scale Mail Armor
24:18 Stone Mining
25:21 Squires
25:50 Bow Saw
25:50 Gillnets
27:04 Stone Shaft Mining
28:01 Ballistics
29:10 Heavy Plow
29:27 Chain Mail Armor
29:22 Forging
29:11 Bodkin Arrow
31:56 Wheelbarrow
31:59 Husbandry
34:05 Elite Skirmisher
35:17 Hand Cart
36:57 Forging
37:02 Chain Mail Armor
36:53 Scale Barding Armor
37:10 Bloodlines
40:50 Imperial Age
38:19 Murder Holes
39:28 Chatras
Connection lost

Rejoining the realm…

Still unreachable

The connection could not be restored.

Session expired

The server has moved on; the page needs a fresh start.